 Dungeon Crawl Stone Soup version 0.27.1-1-g398f81649c (webtiles) character file.

Game seed: 12716934439241431709

12 Descartes the Ducker (level 2, -2/14 HPs)
             Began as a Felid Monk on Sept 12, 2021.
             Slain by a hobgoblin (5 damage)
             ... on level 1 of the Dungeon.
             The game lasted 00:00:35 (126 turns).

Descartes the Ducker (Felid Monk)                    Turns: 126, Time: 00:00:36

Health: -2/14      AC:  1    Str:  7    XL:     2   Next: 20%
Magic:  3/3        EV: 19    Int: 11    God:
Gold:   0          SH:  0    Dex: 18    Spells: 1/1 levels left
                                        Lives:  0   Deaths: 0

rFire    . . .     SeeInvis +     - Unarmed
rCold    . . .     Faith    .   (shield unavailable)
rNeg     . . .     Spirit   .   (armour unavailable)
rPois    .         Reflect  .   (helmet unavailable)
rElec    .         Harm     .   (cloak unavailable)
rCorr    .         Rampage  .   (gloves unavailable)
Will     .....                  (boots unavailable)
Stlth    ++........             (no amulet)
HPRegen  0.04/turn              (no ring)
MPRegen  0.08/turn              (no ring)

@: quick
A: very small, claws 1, fangs 3, see invisible, speed 1, shaggy fur 1, stealthy
paws, no weapons or thrown items, no armour, multi-lived
a: no special abilities


You were on level 1 of the Dungeon.
You visited 1 branch of the dungeon, and saw 1 of its levels.

Inventory:

Scrolls
 a - a scroll of enchant weapon {unknown}
 b - a scroll of identify {unknown}
 c - a scroll of immolation {unknown}
Potions
 d - a potion of curing {unknown}


   Skills:
 - Level 3.0 Fighting
 + Level 4.4 Dodging
 + Level 3.0 Stealth
 + Level 3.2 Unarmed Combat


You had one spell level left.
You didn't know any spells.
Your spell library was empty.

Dungeon Overview and Level Annotations

Branches:
Dungeon (1/15)

Altars:


Innate Abilities, Weirdness & Mutations

You have sharp claws.
You have razor-sharp teeth.
You have supernaturally acute eyesight. (SInv)
You cover ground quickly. (Speed+)
You are covered in fur. (AC +1)
Your paws help you pounce on unaware monsters.
You are incapable of wielding weapons or throwing items.
You cannot wear armour.
You gain extra lives every three experience levels.


Message History

2 jackals come into view.
The jackal barks!
The jackal bites you.
* * * LOW HITPOINT WARNING * * *
The quokka twitches its whiskers.
You scratch the jackal.
The jackal is moderately wounded.
The jackal closely misses you. x2
You completely miss the jackal.
The jackal is moderately wounded.
The jackal completely misses you.
You scratch the jackal but do no damage.
The jackal is moderately wounded.
The jackal pauses to sniff the ground.
The jackal bites you but does no damage.
You scratch the jackal.
You kill the jackal!
You have reached level 2!
You completely miss the quokka.
The frilled lizard hisses.
The quokka misses you.
The jackal barks!
You scratch the quokka.
The quokka is heavily wounded.
The quokka misses you.
You miss the quokka.
The quokka is heavily wounded.
The quokka misses you.
The hobgoblin shouts!
You scratch the quokka but do no damage.
You bite the quokka.
You kill the quokka!
Your Stealth skill increases to level 3!
You scratch the frilled lizard.
You kill the frilled lizard!
You scratch the jackal.
You kill the jackal!
You see here a jackal corpse.
The hobgoblin hits you.
You die...

#+#############...
#.P≈≈≈≈≈≈≈≈≈P##...
#..P≈≈≈≈≈≈≈P.##... #
#...P≈≈≈≈≈P..##...
#.#....P≈≈≈P...##...
#####.#.....P≈P......g..
#............P......####
..#....##.............#
#
........†@g....<......#
#
...#######...........##
# #.....P.....# #
#....P≈P....# #
#...P≈≈≈P...# #
#..P≈≈≈≈≈P..# #
#.P≈≈≈≈≈≈≈P.# #
#P≈≈≈≈≈≈≈≈≈P# # #


You could see a hobgoblin.

Vanquished Creatures
  An endoplasm (D:1)
  A giant cockroach (D:1)
  A goblin (D:1)
  A hobgoblin (D:1)
  2 jackals (D:1)
  A quokka (D:1)
  A ball python (D:1)
  2 frilled lizards (D:1)
  A kobold (D:1)
11 creatures vanquished.

Notes
Turn   | Place    | Note
-------+----------+-------------------------------------------
     0 | D:1      | Descartes the Felid Monk began the quest for the Orb.
     0 | D:1      | Reached XP level 1. HP: 10/10 MP: 2/2
   119 | D:1      | Reached XP level 2. HP: 2/14 MP: 3/3
   126 | D:1      | Slain by a hobgoblin

Illustrated notes

Levels and vault maps discovered:
D:1:      eino_arrival_druids_welcome, layout_basic, minmay_tree_intersection

Skill      XL: |  1  2 |
---------------+-------+-----
Stealth        | 3 |  3.0
Fighting       | |  3.0
Dodging        | |  4.4
Unarmed Combat | |  3.2

Action                   || total
-------------------------++-------
Melee: Unarmed           ||    24
       Bite              ||     1
 Stab: Sleeping          ||     2
Armor: Skin              ||     1
Dodge: Dodged            ||    17
